 Dungeon Crawl Stone Soup version 0.28.0-53-g5a82cb258f (webtiles) character file.

Game seed: 3015134839994739517

24 MiltankisOP the Conjurer (level 2, -4/15 HPs)
             Began as a Deep Elf Conjurer on June 14, 2022.
             Slain by Terence
             ... wielding a +0 trident
              (10 damage)
             ... on level 2 of the Dungeon.
             The game lasted 00:01:45 (877 turns).

MiltankisOP the Conjurer (Deep Elf Conjurer)         Turns: 877, Time: 00:01:46

Health: -4/15      AC:  2    Str:  4    XL:     2   Next: 79%
Magic:  3/9        EV: 12    Int: 22    God:
Gold:   20         SH:  0    Dex: 13    Spells: 6/9 levels left

rFire   . . .      SeeInvis .   (no weapon)
rCold   . . .      Faith    .   (no shield)
rNeg    . . .      Spirit   .   a - +0 robe
rPois   .          Reflect  .   (no helmet)
rElec   .          Harm     .   (no cloak)
rCorr   .          Rampage  .   (no gloves)
Will    .....                   (no boots)
Stlth   ++........              (no amulet)
HPRegen 0.05/turn               (no ring)
MPRegen 0.11/turn               (no ring)

@: no status effects
A: no striking features
a: no special abilities


You were on level 2 of the Dungeon.
You visited 1 branch of the dungeon, and saw 2 of its levels.

You collected 20 gold pieces.

Inventory:

Armour
 a - a +0 robe (worn)
Jewellery
 d - an amulet of the acrobat
Scrolls
 b - 2 scrolls of teleportation {unknown}
Potions
 c - a potion of brilliance {unknown}


   Skills:
 - Level 2.4 Dodging
 - Level 2.4 Stealth
 + Level 4.0 Spellcasting
 + Level 4.9 Conjurations


You had 6 spell levels left.
You knew the following spells:

 Your Spells              Type           Power      Damage    Failure   Level
a - Magic Dart            Conj           100%       1d8       1%          1
b - Searing Ray           Conj           52%        2d6       2%          2

Your spell library contained the following spells:

 Spells                   Type           Power      Damage    Failure   Level
 Summon Small Mammal      Summ           16%        N/A       11%         1
 Dazzling Flash           Conj/Hex       30%        N/A       12%         3
 Call Canine Familiar     Summ           4%         N/A       32%         3
 Summon Guardian Golem    Hex/Summ       4%         N/A       32%         3
 Fulminant Prism          Conj/Hex       7%         3d7       38%         4
 Iskenderun's Mystic Bla  Conj/Tloc      15%        2d5       38%         4


Dungeon Overview and Level Annotations

Branches:
Dungeon (2/15)

Altars:

Annotations:
D:2 Terence


Message History

You start memorising the spell.
You continue memorising. x2
You finish memorising.
Spell assigned to 'b'.
You now have 20 gold pieces (gained 6).
Found an escape hatch in the floor.
Found 24 stones.
A rat comes into view.
Casting: Magic Dart (safe; 1% risk of failure)
Confirm with . or Enter, or press ? or * to list all spells.
Aiming: Magic Dart (safe; 1% risk of failure)
Press: ? - help, Shift-Dir - straight line, f - rat
Aim: a rat (100% to hit)
The magic dart hits the rat.
You kill the rat!
d - an amulet of the acrobat Terence the Incautious comes into view.
He is wielding a +0 trident.
A ball python comes into view.
Terence shouts!
Unknown command.
Casting: Magic Dart (safe; 1% risk of failure)
Confirm with . or Enter, or press ? or * to list all spells.
Aiming: Searing Ray (safe; 2% risk of failure)
Press: ? - help, Shift-Dir - straight line, f - Terence
Aim: Terence, wielding a +0 trident and wearing a +0 chain mail (85% to hit)
The searing ray hits Terence.
Terence is moderately wounded.
The searing ray hits the ball python.
You kill the ball python! (Press . to maintain the ray.)
Your Spellcasting skill increases to level 4!
The searing ray hits Terence but does no damage.
Terence is moderately wounded.
Terence hits you from afar with a +0 trident!
Ouch! That really hurt!
The searing ray misses Terence.
Terence barely misses you.
The searing ray hits Terence.
Terence is heavily wounded.
You finish channelling your searing ray.
Terence hits you from afar with a +0 trident!
Ouch! That really hurt!
You die...

.... #.. .. ....
#.# .... .....
#.####.....
...†..#..........
......#..........
.....@#.........
...
................
..## .......@....#
... ............#
# .. ............#
.# #.
............#
.#.#.##
######..#####
...#..#########..#
#...............#
##.##.#########..#
.#.##.## #...>.


You could see Terence.

Vanquished Creatures
  A dart slug (D:2)
  An endoplasm (D:1)
  A giant cockroach (D:1)
  3 hobgoblins
  2 ball pythons
  2 bats
  2 frilled lizards
  5 goblins (D:1)
  3 kobolds (D:1)
  2 rats (D:2)
22 creatures vanquished.

Notes
Turn   | Place    | Note
-------+----------+-------------------------------------------
     0 | D:1      | MiltankisOP the Deep Elf Conjurer began the quest for the
                  | Orb.
     0 | D:1      | Reached XP level 1. HP: 10/10 MP: 6/6
   392 | D:1      | Reached XP level 2. HP: 15/15 MP: 5/8
   488 | D:1      | Found a faded altar of an unknown god.
   804 | D:2      | Learned a level 2 spell: Searing Ray
   871 | D:2      | Noticed Terence
   877 | D:2      | Slain by Terence

Illustrated notes

Levels and vault maps discovered:
D:1:      tarquinn_simple_flora_water_f, layout_loops_ring,
          shapermc_ecumenical_altar_hornbeckon, glass_columns_c
D:2:      layout_basic, minmay_bisected, uniq_crazy_yiuf_cottage, uniq_jessica,
          uniq_terence

Skill      XL: |  1  2 |
---------------+-------+-----
Spellcasting   | 4 |  4.0
Dodging        | |  2.4
Stealth        | |  2.4
Conjurations   | |  4.9

Action                   || total
-------------------------++-------
 Cast: Magic Dart        ||    35
       Searing Ray       ||     1
Dodge: Dodged            ||     4
